 Dungeon Crawl Stone Soup version 0.14.0-9-g9c5475a (webtiles) character file.

421 RogerD the Ducker (level 5, 0/48 HPs)
             Began as a Troll Arcane Marksman on Apr 13, 2014.
             Was an Initiate of Dithmenos.
             Slain by kaibutsu's ghost (1 damage)
             ... while paralysed by a potion of paralysis
             ... on Level 4 of the Dungeon.
             The game lasted 00:45:50 (3305 turns).

RogerD the Ducker (Troll Arcane Marksman)           Turns: 3305, Time: 00:45:50

HP   0/48        AC  7     Str 19      XL: 5   Next: 97%
MP   2/4         EV  1     Int  9      God: Dithmenos [......]
Gold 158         SH  0     Dex 10      Spells:  2 memorised,  4 levels left

rFire  . . .     SeeInvis +       - Unarmed
rCold  . . .     Clarity  .     a - +1 robe
rNeg   . . .     Conserve .     (shield restricted)
rPois  .         rCorr    +     (helmet restricted)
rElec  .         rRot     .     u - +0 cloak
SustAb . .       Spirit   .     (gloves unavailable)
rMut   .         Warding  .     (boots unavailable)
Gourm  +         Stasis   .     i - amulet of resist corrosion {unknown}
MR     .....                    A - ring of see invisible
                                m - ring of sustenance

@: paralysed, not resistant to hostile enchantments, unstealthy
A: unfitting armour, claws 3, fast metabolism 3, gourmand, regeneration 2,
saprovore 2, shaggy fur 1, tough skin 2
a: Renounce Religion


You were on level 4 of the Dungeon.
You worshipped Dithmenos.
Dithmenos was noncommittal.
You were full.

You visited 1 branch of the dungeon, and saw 4 of its levels.

You collected 158 gold pieces.

Inventory:

Hand weapons
 b - a +0,+0 bow
 C - a +1,+0 dagger of speed
Missiles
 c - 56 arrows
 D - a tomahawk (quivered)
Armour
 a - a +1 robe (worn)
 u - a +0 cloak (worn)
Magical devices
 v - a wand of slowing (0)
Comestibles
 f - 2 meat rations
 o - an apricot
 x - a royal jelly
Scrolls
 j - a scroll of remove curse {unknown}
 k - 2 scrolls of enchant armour
 l - 2 scrolls of fear {unknown}
 p - a scroll of teleportation {unknown}
 r - 2 scrolls of identify {unknown}
 w - a scroll of blinking {unknown}
 z - a scroll of recharging {unknown}
Jewellery
 i - an amulet of resist corrosion (around neck) {unknown}
 m - a ring of sustenance (left claw)
 A - a ring of see invisible (right claw)
Potions
 e - 4 potions of paralysis
 g - a potion of magic {unknown}
 h - 2 potions of curing {unknown}
 n - a potion of resistance {unknown}
 q - a potion of agility {unknown}
 s - a potion of mutation {unknown}
 t - a potion of flight {unknown}
 B - a potion of lignification {unknown}
Books
 d - a book of Debilitation

   Spells                             Type                      Level
   *Corona                            Hexes                        1
   *Slow                              Hexes                        2
   Inner Flame                        Hexes/Fire                   3
   Enslavement                        Hexes                        4
   Cause Fear                         Hexes                        4
   Leda's Liquefaction                Hexes/Earth                  4
Magical staves
 y - an uncursed staff of conjuration {unknown}


   Skills:
 + Level 1.0 Fighting
 + Level 2.2 Bows
 + Level 1.5 Throwing
 + Level 2.7 Dodging
 + Level 0.2 Stealth
 + Level 1.4 Unarmed Combat
 + Level 1.6 Spellcasting
 + Level 2.6 Hexes


You had 4 spell levels left.
You knew the following spells:

 Your Spells              Type           Power        Failure   Level  Hunger
a - Corona                Hex            #......      12%         1    ##.....
b - Slow                  Hex            #.......     17%         2    ###....


Dungeon Overview and Level Annotations

Branches:
Dungeon (4/15)
 Temple: D:4-7

Altars:
Dithmenos
Elyvilon
Makhleb
Zin

Annotations:
D:4 kaibutsu's ghost, average DsGl


Innate Abilities, Weirdness & Mutations

You are too large for most types of armour.
You have claws for hands.
Your metabolism is lightning-fast.
You like to eat raw meat.
You heal very quickly.
You can eat rotten meat.
You are covered in fur (AC +1).
You have very tough skin (AC +2).


Message History

You barely miss kaibutsu's ghost.
Kaibutsu's ghost is moderately damaged.
Kaibutsu's ghost hits you!
You closely miss kaibutsu's ghost.
Kaibutsu's ghost is moderately damaged.
Kaibutsu's ghost wails, "I was like you once."
Kaibutsu's ghost hits you but does no damage.
You hit kaibutsu's ghost but do no damage.
Kaibutsu's ghost is moderately damaged.
Kaibutsu's ghost hits you!
* * * LOW HITPOINT WARNING * * *
Drink which item? (? for menu, Esc to quit)
You suddenly lose the ability to move!
It was a potion of paralysis.
Kaibutsu's ghost hits you but does no damage.
Kaibutsu's ghost hits you.
* * * LOW HITPOINT WARNING * * *
Kaibutsu's ghost hits you!
* * * LOW HITPOINT WARNING * * *
Kaibutsu's ghost hits you.
You die...

#############
#......<....#
######.#########%##
..............(%<.#
######.#########[.######
#.# #.....(....# #.#
#.##@p####.# #.# # #..#
#.# #..# #.# #..# #..
#..# . #... #:## ..# ###


You could see kaibutsu's ghost.

Vanquished Creatures
  An orc priest (D:3)
  A jelly (D:3)
  An orc wizard (D:4)
  Ijyb (D:2)
  3 adders
  3 giant mites
  2 worms
  2 giant geckos
  14 orcs
  6 giant cockroaches
  7 goblins
  5 hobgoblins
  11 jackals
  6 kobolds
  3 quokkas
  6 bats
  7 giant newts
  2 rats (D:2)
81 creatures vanquished.

Notes
Turn   | Place    | Note
--------------------------------------------------------------
     0 | D:1      | RogerD, the Troll Arcane Marksman, began the quest for the Orb.
     0 | D:1      | Reached XP level 1. HP: 18/18 MP: 2/2
   145 | D:1      | Reached XP level 2. HP: 24/26 MP: 2/2
  1003 | D:2      | Reached XP level 3. HP: 32/32 MP: 0/3
  1126 | D:2      | Learned a level 2 spell: Slow
  1625 | D:2      | Reached XP level 4. HP: 37/40 MP: 2/4
  1855 | D:2      | Noticed Ijyb
  1885 | D:2      | Killed Ijyb
  1972 | D:2      | You fall through a shaft!
  2248 | D:3      | Reached skill level 1 in Throwing
  2408 | D:3      | Reached skill level 1 in Fighting
  2448 | D:3      | Reached skill level 1 in Unarmed Combat
  2448 | D:3      | Reached XP level 5. HP: 48/48 MP: 2/4
  2619 | D:3      | Found a burning altar of Makhleb.
  2638 | D:3      | Found a white marble altar of Elyvilon.
  2657 | D:3      | Became a worshipper of Makhleb the Destroyer
  2984 | D:3      | Found a glowing silver altar of Zin.
  2984 | D:3      | Found a shadowy altar of Dithmenos.
  2992 | D:3      | Fell from the grace of Makhleb
  2992 | D:3      | Became a worshipper of Dithmenos the Shadowed
  3189 | D:4      | Noticed kaibutsu's ghost (average DsGl)
  3302 | D:4      | Paralysed by a potion of paralysis for 5 turns
  3304 | D:4      | HP: 1/48 [kaibutsu's ghost (7)]
  3305 | D:4      | Slain by kaibutsu's ghost

Action                   |  1- 3 |  4- 6 || total
-------------------------+-------+-------++-------
Melee: Unarmed           |    69 |   105 ||   174
       Bow               |     6 |       ||     6
 Fire: Bow               |    81 |    39 ||   120
Throw: Dart              |    12 |     1 ||    13
       Tomahawk          |       |    41 ||    41
 Cast: Corona            |    30 |    28 ||    58
       Slow              |       |     7 ||     7
  Use: Scroll            |     1 |       ||     1
       Potion            |       |     1 ||     1
